 Dungeon Crawl Stone Soup version 0.17.1-1-g73c8601 (webtiles) character file.

232 Implojin the Chopper (level 5, 0/45 HPs)
             Began as a Minotaur Fighter on Apr 8, 2016.
             Slain by Eustachio
             ... wielding a +0 falchion
              (2 damage)
             ... on level 5 of the Dungeon.
             The game lasted 00:04:50 (810 turns).

Implojin the Chopper (Minotaur Fighter)              Turns: 810, Time: 00:04:50

Health: 0/45       AC:  6    Str: 26      XL:     5   Next: 73%
Magic:  4/4        EV:  7    Int:  5      God:
Gold:   101        SH:  9    Dex:  9 (10) Spells: 0 memorised, 4 levels left

rFire  . . .     SeeInvis .     a - +0 war axe
rCold  . . .     Clarity  .     b - +0 scale mail
rNeg   . . .     SustAt   .     c - +0 shield
rPois  .         Gourm    .     (helmet restricted)
rElec  .         Spirit   .     (no cloak)
rCorr  .         Warding  .     (no gloves)
rMut   .         Stasis   .     (no boots)
MR     .....                    (no amulet)
Stlth  ..........               (no ring)
                                (no ring)

@: mighty, not resistant to hostile enchantments, extremely unstealthy
A: retaliatory headbutt, horns 2
a: no special abilities


You were on level 5 of the Dungeon.
You were full.

You visited 1 branch of the dungeon, and saw 6 of its levels.

You collected 101 gold pieces.

Inventory:

Hand Weapons
 a - a +0 war axe (weapon)
Armour
 b - a +0 scale mail (worn)
 c - a +0 shield (worn)
Jewellery
 f - an uncursed ring of fire {unknown}
 k - an uncursed ring of positive energy {unknown}
Scrolls
 g - a scroll of immolation {unknown}
 h - 2 scrolls of remove curse {unknown}
Potions
 d - 3 potions of might
 i - a potion of lignification {unknown}
 l - a potion of heal wounds {unknown}
 m - a potion of brilliance {unknown}
Comestibles
 e - 2 bread rations
 j - a slice of pizza
 n - a meat ration


   Skills:
 - Level 3.6 Fighting
 * Level 7.3 Axes
 - Level 3.6 Armour
 - Level 3.6 Shields


You had 4 spell levels left.
You didn't know any spells.

Dungeon Overview and Level Annotations

Branches:
Dungeon (6/15)
 Temple: D:4-7

Altars:

Annotations:
D:3 exclusion: upstairs
D:4 Kaelvos's ghost, amateur DgFi
D:5 Eustachio


Innate Abilities, Weirdness & Mutations

You reflexively headbutt those who attack you in melee.
You have a pair of horns on your head.


Message History

The quasit is severely wounded.
The quasit bites you but does no damage.
The quasit claws you.
* * * LOW HITPOINT WARNING * * *
You feel clumsy.
The quasit claws you but does no damage.
Eustachio hits you but does no damage. The rat barely misses you.
The river rat bites you.
* * * LOW HITPOINT WARNING * * *
Drink which item? (? for menu, Esc to quit)
You feel very mighty all of a sudden. The quasit barely misses you.
You block the quasit's attack. The quasit closely misses you.
The river rat twitches its whiskers.
The river rat bites you.
* * * LOW HITPOINT WARNING * * *
The rat bites you.
* * * LOW HITPOINT WARNING * * *
The river rat bites you.
* * * LOW HITPOINT WARNING * * *
Eustachio gestures wildly while chanting.
The quasit bites you.
* * * LOW HITPOINT WARNING * * *
The quasit barely misses you. You block the quasit's attack.
You closely miss Eustachio. You headbutt Eustachio!
Eustachio is heavily wounded.
You barely miss the rat. You miss the quasit. You slash the river rat!
You kill the river rat!
The river rat's corpse disappears in a puff of smoke!
You miss the quasit.
The quasit is severely wounded.
You hit the river rat.
The river rat is severely wounded.
The quasit disappears in a puff of smoke!
The river rat bites you.
* * * LOW HITPOINT WARNING * * *
The rat bites you but does no damage. You block the quasit's attack.
The quasit closely misses you. The quasit completely misses you.
Eustachio hits you with a falchion.
You die...

......####
.#.#.....##
..........##
#.........#
#.........#
#........<#
#.........#
#.r.@55...#
##5@r....##
#..ยงยง.....#
#.........#
....(........#
..............#
..............#
.....#%.%....##
.....##.....##
..... #######


You could see Eustachio, a quasit, a crimson imp, a river rat, a white imp and a
rat.

Vanquished Creatures
  An ogre (D:3)
  2 orc wizards (D:3)
  A gnoll (D:3)
  3 adders (D:3)
  A shadow imp (D:6)
  A worm (D:3)
  2 giant geckos
  5 orcs (D:3)
  4 giant cockroaches
  5 hobgoblins
  6 jackals
  2 bats
  A giant gecko zombie (D:5)
  4 giant newts
  6 goblins
  5 kobolds
  6 rats
55 creatures vanquished.

Notes
Turn   | Place    | Note
--------------------------------------------------------------
     0 | D:1      | Implojin the Minotaur Fighter began the quest for the Orb.
     0 | D:1      | Reached XP level 1. HP: 19/19 MP: 0/0
   122 | D:1      | Reached skill level 3 in Axes
   159 | D:1      | Reached XP level 2. HP: 20/26 MP: 1/1
   344 | D:2      | Reached skill level 4 in Axes
   389 | D:3      | Noticed an ogre
   400 | D:3      | Killed an ogre
   400 | D:3      | Reached skill level 5 in Axes
   400 | D:3      | Reached XP level 3. HP: 22/31 MP: 2/2
   400 | D:3      | Reached XP level 4. HP: 27/39 MP: 3/3
   470 | D:3      | Reached skill level 6 in Axes
   626 | D:3      | Reached XP level 5. HP: 24/45 MP: 4/4
   700 | D:3      | Reached skill level 7 in Axes
   753 | D:5      | Entered Level 5 of the Dungeon
   758 | D:5      | Noticed Eustachio
   801 | D:4      | Noticed Kaelvos's ghost (amateur DgFi)
   810 | D:5      | HP: 2/45 [river rat[Eustachio] (4)]
   810 | D:5      | Slain by Eustachio

Action                   |  1- 3 |  4- 6 || total
-------------------------+-------+-------++-------
Melee: War axe           |    58 |    71 ||   129
  Use: Potion            |       |     4 ||     4
  Eat: Bread ration      |     1 |       ||     1

Table legend:
 A = Turns spent in this place as a percentage of turns spent in the entire game.
 B = Non-inter-level travel turns spent in this place as a percentage of non-inter-level travel turns spent in the entire game.
 C = Inter-level travel turns spent in this place as a percentage of turns spent in this place.
 D = Turns resting spent in this place as a percentage of non-inter-level travel turns spent in this place.
 E = Turns spent auto-exploring this place as a percentage of non-inter-level travel turns spent in this place.
 F = Non-inter-level travel turns spent in this place divided by the number of levels of this place that you've seen.
                   A       B       C       D       E      F
               +-------+-------+-------+-------+-------+----------------------
         Total | 100.0 | 100.0 |   0.0 |   0.0 |   0.0 | 135.2
       Dungeon | 100.0 | 100.0 |   0.0 |   0.0 |   0.0 | 135.2
               +-------+-------+-------+-------+-------+----------------------

Table legend:
 A = Kills in this place as a percentage of kills in entire the game.
 B = Kills by you in this place as a percentage of kills by you in the entire game.
 C = Kills by friends in this place as a percentage of kills by friends in the entire game.
 D = Other kills in this place as a percentage of other kills in the entire game.
 E = Experience gained in this place as a percentage of experience gained in the entire game.
 F = Experience gained in this place divided by the number of levels of this place that you have seen.
                   A       B       C       D       E      F
               +-------+-------+-------+-------+-------+----------------------
         Total | 100.0 | 100.0 |  -nan |  -nan | 100.0 |  55.3
       Dungeon | 100.0 | 100.0 |  -nan |  -nan | 100.0 |  55.3
               +-------+-------+-------+-------+-------+----------------------
